| TOP OF THE 1ST |
|
South Bend Cubs batting - Pitching for Hagerstown Suns : RHP Chris Mosley
|
|
Pitching: RHP Chris Mosley
|
|
|
Batting: RHB Dan Orozco
|
0-0: Foul Ball, location: 2F 0-1: Fly out, F8 (Flyball, 8LS, EV 93.1 MPH)
|
|
Batting: RHB Adrian Cox
|
0-0: SINGLE (Groundball, 5S, EV 74.4 MPH) (infield hit)
|
|
Batting: RHB Erik Smith
|
0-0: Fly out, F9 (Flyball, 9, EV 90.0 MPH)
|
|
Batting: RHB David Bousfield
|
0-0: Called Strike 0-1: Foul Ball, location: 2F 0-2: Foul Ball, location: 2F 0-2: Ball 1-2: Ball Adrian Cox steals 2nd base (no throw) 2-2: Foul Ball, location: 2F 2-2: Strikes out swinging
|
| Top of the 1st over - 0 runs, 1 hit, 0 errors, 1 left on base; South Bend 0 - Hagerstown 0 |
| BOTTOM OF THE 1ST |
|
Hagerstown Suns batting - Pitching for South Bend Cubs : RHP Steve Vint
|
|
Pitching: RHP Steve Vint
|
|
|
Batting: RHB Taffounnout Kame
|
0-0: Ball 1-0: Ball 2-0: Ball 3-0: Foul Ball, location: 2F 3-1: Called Strike 3-2: SINGLE (Groundball, 4M, EV 96.2 MPH) (infield hit)
|
|
Batting: RHB Aaron Bateman
|
0-0: Fielders Choice at 2nd, 4-6 (Groundball, 4, EV 88.8 MPH)
|
|
Batting: RHB Xavier Reeves
|
0-0: Fielders Choice at 2nd, 1-4 (Groundball, 15S, EV 63.1 MPH)
|
|
Batting: RHB Leo Gutierrez
|
0-0: Called Strike Xavier Reeves steals 2nd, throwing error, E2 Xavier Reeves to third 0-1: Ball 1-1: Ball 2-1: 2-RUN HOME RUN (Flyball, 7D, EV 98.1 MPH), Distance : 366 ft
|
|
Batting: SHB Fernando Fundora
|
0-0: Called Strike 0-1: Called Strike 0-2: Ball 1-2: Fly out, F8 (Flyball, 8RM, EV 80.6 MPH)
|
| Bottom of the 1st over - 2 runs, 2 hits, 1 error, 0 left on base; South Bend 0 - Hagerstown 2 |
| TOP OF THE 2ND |
|
South Bend Cubs batting - Pitching for Hagerstown Suns : RHP Chris Mosley
|
|
Batting: RHB Mike Hill
|
0-0: Ball 1-0: Called Strike 1-1: Foul Ball, location: 2F 1-2: Ball 2-2: Strikes out swinging, 2-3 out at first.
|
|
Batting: RHB Josh Burns
|
0-0: Ball 1-0: Called Strike 1-1: Foul Ball, location: 2F 1-2: Ground out 5-3 (Groundball, 56, EV 83.8 MPH)
|
|
Batting: RHB Dave de Wolff
|
0-0: Foul Ball, location: 2F 0-1: SINGLE (Line Drive, 89M, EV 108.8 MPH)
|
|
Batting: RHB Ryan Bush
|
0-0: Called Strike Dave de Wolff is caught stealing 2nd base 2-4
|
| Top of the 2nd over - 0 runs, 1 hit, 0 errors, 0 left on base; South Bend 0 - Hagerstown 2 |
| BOTTOM OF THE 2ND |
|
Hagerstown Suns batting - Pitching for South Bend Cubs : RHP Steve Vint
|
|
Batting: LHB Mike Hamilton
|
0-0: Called Strike 0-1: Foul Ball, location: 2F 0-2: Foul Ball, location: 2F 0-2: Foul Ball, location: 2F 0-2: Strikes out looking
|
|
Pitching: RHP Scott Hanson
|
|
|
Batting: LHB Diego Gutierres
|
0-0: Called Strike 0-1: Ball 1-1: Foul Ball, location: 2F 1-2: Ball 2-2: SINGLE (Groundball, 4MD, EV 103.8 MPH)
|
|
Batting: RHB Jelexiz Cuenca
|
0-0: Ball 1-0: Called Strike 1-1: Ball 2-1: Reached on error, E6 (Groundball, 6, EV 108.8 MPH) Diego Gutierres to second
|
|
Batting: RHB Yok-sing Szema
|
0-0: Ball 1-0: 3-RUN HOME RUN (Flyball, 7LD, EV 98.1 MPH), Distance : 352 ft
|
|
Batting: RHB Taffounnout Kame
|
0-0: SINGLE (Groundball, 5S, EV 63.1 MPH) (infield hit)
|
|
Batting: RHB Aaron Bateman
|
0-0: Called Strike 0-1: Ball 1-1: Ball 2-1: Called Strike 2-2: Ball 3-2: Ground out 5-3 (Groundball, 5L, EV 106.9 MPH) Taffounnout Kame to second
|
|
Pitching: RHP Melvin Orengo
|
|
|
Batting: RHB Xavier Reeves
|
0-0: Called Strike 0-1: Ball 1-1: Ball 2-1: Swinging Strike 2-2: Ball 3-2: Base on Balls
|
|
Batting: RHB Leo Gutierrez
|
0-0: Called Strike 0-1: Ball 1-1: Ball 2-1: Ball 3-1: Base on Balls Taffounnout Kame to third Xavier Reeves to second
|
|
Batting: SHB Fernando Fundora
|
0-0: Called Strike 0-1: Ball 1-1: Ball 2-1: Ball 3-1: Called Strike 3-2: Base on Balls Taffounnout Kame scores Xavier Reeves to third Leo Gutierrez to second
|
|
Batting: LHB Mike Hamilton
|
0-0: Ball 1-0: Ball Passed Ball! Xavier Reeves scores Leo Gutierrez to third Fernando Fundora to second 2-0: Ball 3-0: Called Strike 3-1: Base on Balls
|
|
Pitching: RHP Angel Pesina
|
|
|
Batting: LHB Diego Gutierres
|
0-0: Ball 1-0: Ball 2-0: Foul Ball, location: 2F 2-1: SINGLE (Flyball, 34D, EV 93.1 MPH) Leo Gutierrez scores Fernando Fundora to third Mike Hamilton to second Runner from 3rd tries for Home, throw by RF and OUT! 9-2
|
| Bottom of the 2nd over - 6 runs, 4 hits, 1 error, 2 left on base; South Bend 0 - Hagerstown 8 |
| TOP OF THE 3RD |
|
South Bend Cubs batting - Pitching for Hagerstown Suns : RHP Chris Mosley
|
|
Batting: RHB Ryan Bush
|
0-0: Swinging Strike 0-1: Swinging Strike 0-2: Ball 1-2: Strikes out swinging
|
|
Batting: RHB Gilberto Alvarado
|
0-0: Ball 1-0: Ball 2-0: Foul Ball, location: 2F 2-1: Called Strike 2-2: Strikes out swinging
|
|
Batting: RHB Dan Orozco
|
0-0: Called Strike 0-1: Foul Ball, location: 2F 0-2: Foul Ball, location: 2F 0-2: Hit by Pitch
|
|
Batting: RHB Adrian Cox
|
0-0: Ball 1-0: Ground out 4-3 (Groundball, 34, EV 83.8 MPH)
|
| Top of the 3rd over - 0 runs, 0 hits, 0 errors, 1 left on base; South Bend 0 - Hagerstown 8 |
| BOTTOM OF THE 3RD |
|
Hagerstown Suns batting - Pitching for South Bend Cubs : RHP Angel Pesina
|
|
Batting: RHB Jelexiz Cuenca
|
0-0: Ball 1-0: Called Strike 1-1: Foul Ball, location: 2F 1-2: SINGLE (Line Drive, 6MD, EV 107.5 MPH)
|
|
Batting: RHB Yok-sing Szema
|
0-0: Called Strike 0-1: SINGLE (Groundball, 6MD, EV 96.2 MPH) Jelexiz Cuenca to second
|
|
Batting: RHB Taffounnout Kame
|
0-0: Called Strike 0-1: Swinging Strike 0-2: Ball 1-2: Ball 2-2: Foul Ball, location: 2F 2-2: SINGLE (Groundball, 56D, EV 100.6 MPH) Jelexiz Cuenca to third Yok-sing Szema to second Runner from 3rd tries for Home, SAFE, throw by LF to home
|
|
Batting: RHB Aaron Bateman
|
0-0: Ball 1-0: Foul Ball, location: 2F 1-1: Swinging Strike 1-2: Ball 2-2: Fly out, F4 (Line Drive, 4, EV 70.6 MPH) Lined into DP, 4-3 (Line Drive, 4, EV 75.0 MPH)
|
|
Pitching: RHP Andrew Dopp
|
|
|
Batting: RHB Xavier Reeves
|
0-0: Ball 1-0: SINGLE (Flyball, 4MD, EV 85.6 MPH) Yok-sing Szema to third Runner from 3rd tries for Home, SAFE, throw by CF to home
|
|
Batting: RHB Leo Gutierrez
|
0-0: Ball 1-0: Ball Xavier Reeves steals 2nd base (no throw) 2-0: Ground out 3-1 (Groundball, 34S, EV 78.8 MPH)
|
| Bottom of the 3rd over - 2 runs, 4 hits, 0 errors, 1 left on base; South Bend 0 - Hagerstown 10 |
| TOP OF THE 4TH |
|
South Bend Cubs batting - Pitching for Hagerstown Suns : RHP Chris Mosley
|
|
Batting: RHB Erik Smith
|
0-0: Called Strike 0-1: Ball 1-1: Swinging Strike 1-2: Ball 2-2: Foul Ball, location: 2F 2-2: Foul Ball, location: 2F 2-2: Strikes out swinging
|
|
Batting: RHB David Bousfield
|
0-0: Called Strike 0-1: Called Strike 0-2: Ball 1-2: Ball 2-2: Ball 3-2: Foul Ball, location: 2F 3-2: Base on Balls
|
|
Batting: RHB Mike Hill
|
0-0: Called Strike 0-1: Ball 1-1: Ball 2-1: Foul Ball, location: 2F 2-2: Foul Ball, location: 2F 2-2: Ball David Bousfield steals 2nd base 3-2: Foul Ball, location: 2F 3-2: SINGLE (Flyball, 8RS, EV 92.5 MPH) David Bousfield to third Runner from 3rd tries for Home, SAFE, throw by CF to home Mike Hill to second
|
|
Batting: RHB Josh Burns
|
0-0: Called Strike 0-1: Called Strike 0-2: Foul Ball, location: 2F 0-2: Ball 1-2: Ball 2-2: Foul Ball, location: 2F 2-2: Fly out, F8 (Flyball, 8RD, EV 85.6 MPH)
|
|
Batting: RHB Dave de Wolff
|
0-0: Ball 1-0: Called Strike 1-1: Ball 2-1: Ground out 3-1 (Groundball, 13, EV 78.8 MPH)
|
| Top of the 4th over - 1 run, 1 hit, 0 errors, 1 left on base; South Bend 1 - Hagerstown 10 |
| BOTTOM OF THE 4TH |
|
Hagerstown Suns batting - Pitching for South Bend Cubs : RHP Andrew Dopp
|
|
Batting: SHB Fernando Fundora
|
0-0: Ball 1-0: Ball 2-0: Ball 3-0: Called Strike 3-1: Called Strike 3-2: Foul Ball, location: 2F 3-2: Foul Ball, location: 2F 3-2: Ground out 6-3 (Groundball, 6M, EV 108.1 MPH)
|
|
Batting: LHB Mike Hamilton
|
0-0: Called Strike 0-1: Ball 1-1: Called Strike 1-2: Ground out 6-3 (Groundball, 4MS, EV 61.9 MPH)
|
|
Batting: LHB Diego Gutierres
|
0-0: Fly out, F8 (Flyball, 8RXD, EV 105.6 MPH)
|
| Bottom of the 4th over - 0 runs, 0 hits, 0 errors, 0 left on base; South Bend 1 - Hagerstown 10 |
| TOP OF THE 5TH |
|
South Bend Cubs batting - Pitching for Hagerstown Suns : RHP Chris Mosley
|
|
Batting: RHB Ryan Bush
|
0-0: Ball 1-0: Foul Ball, location: 2F 1-1: Ball 2-1: Ball 3-1: Foul Ball, location: 2F 3-2: Base on Balls
|
|
Batting: RHB Gilberto Alvarado
|
0-0: Ball 1-0: Called Strike 1-1: Foul Ball, location: 2F 1-2: Fielders Choice at 2nd, 1-6 (Groundball, 34S, EV 61.9 MPH)
|
|
Batting: RHB Dan Orozco
|
0-0: Called Strike 0-1: Foul Ball, location: 2F 0-2: SINGLE (Groundball, 34D, EV 100.0 MPH) Gilberto Alvarado to second Runner from 2nd tries for 3rd, SAFE, throw by RF made to third
|
|
Pitching: RHP Josh Jenkins
|
|
|
Batting: RHB Adrian Cox
|
0-0: Ball Dan Orozco steals 2nd base 1-0: Ball 2-0: Called Strike 2-1: Ball 3-1: Base on Balls
|
|
Batting: RHB Erik Smith
|
0-0: Ball 1-0: Swinging Strike 1-1: Foul Ball, location: 2F 1-2: Ball 2-2: Foul Ball, location: 2F 2-2: Foul Ball, location: 2F 2-2: Ball 3-2: Strikes out looking
|
|
Batting: RHB David Bousfield
|
0-0: Foul Ball, location: 2F 0-1: Swinging Strike 0-2: Ball 1-2: Strikes out swinging
|
| Top of the 5th over - 0 runs, 1 hit, 0 errors, 3 left on base; South Bend 1 - Hagerstown 10 |
| BOTTOM OF THE 5TH |
|
Hagerstown Suns batting - Pitching for South Bend Cubs : RHP Andrew Dopp
|
|
Batting: RHB Jelexiz Cuenca
|
0-0: Ball 1-0: Ball 2-0: Ball 3-0: Called Strike 3-1: Base on Balls
|
|
Batting: RHB Yok-sing Szema
|
0-0: SINGLE (Groundball, 4, EV 98.1 MPH) Jelexiz Cuenca to second
|
|
Batting: RHB Taffounnout Kame
|
0-0: Ball 1-0: Called Strike 1-1: Ball 2-1: Ball 3-1: SINGLE (Groundball, 25, EV 71.9 MPH) (infield hit) Jelexiz Cuenca to third Yok-sing Szema to second
|
|
Batting: RHB Aaron Bateman
|
0-0: Ball 1-0: Ball 2-0: Called Strike 2-1: Ball 3-1: Base on Balls Jelexiz Cuenca scores Yok-sing Szema to third Taffounnout Kame to second
|
|
Pitching: RHP Victor Ramirez
|
|
|
Batting: RHB Xavier Reeves
|
0-0: Grounds into double play, 5-4-3 (Groundball, 56, EV 86.2 MPH) Yok-sing Szema scores Taffounnout Kame to third
|
|
Batting: RHB Leo Gutierrez
|
0-0: Ball 1-0: Called Strike 1-1: Fly out, F9 (Flyball, 89M, EV 95.0 MPH)
|
| Bottom of the 5th over - 2 runs, 2 hits, 0 errors, 1 left on base; South Bend 1 - Hagerstown 12 |
| TOP OF THE 6TH |
|
South Bend Cubs batting - Pitching for Hagerstown Suns : RHP Josh Jenkins
|
|
Batting: RHB Mike Hill
|
0-0: Ball 1-0: Ball 2-0: Ball 3-0: Called Strike 3-1: Base on Balls
|
|
Pitching: RHP Greg Hall
|
|
|
Batting: RHB Josh Burns
|
0-0: Ball Mike Hill is caught stealing 2nd base 2-4 1-0: Foul Ball, location: 2F 1-1: Ball 2-1: Ground out 6-3 (Groundball, 6MD, EV 106.2 MPH)
|
|
Batting: RHB Dave de Wolff
|
0-0: Called Strike 0-1: Foul Ball, location: 2F 0-2: Ball 1-2: Ball 2-2: Foul Ball, location: 2F 2-2: Fly out, F8 (Flyball, 8LD, EV 88.1 MPH)
|
| Top of the 6th over - 0 runs, 0 hits, 0 errors, 0 left on base; South Bend 1 - Hagerstown 12 |
| BOTTOM OF THE 6TH |
|
Hagerstown Suns batting - Pitching for South Bend Cubs : RHP Victor Ramirez
|
|
Batting: SHB Fernando Fundora
|
0-0: Ball 1-0: Fly out, F7 (Flyball, 7D, EV 95.6 MPH)
|
|
Batting: LHB Mike Hamilton
|
0-0: Ball 1-0: Ball 2-0: Ball 3-0: Base on Balls
|
|
Batting: LHB Diego Gutierres
|
0-0: 2-RUN HOME RUN (Flyball, 9D, EV 96.9 MPH), Distance : 367 ft
|
|
Batting: RHB Jelexiz Cuenca
|
0-0: Ball 1-0: Ball 2-0: Ball 3-0: Called Strike 3-1: Foul Ball, location: 2F 3-2: Foul Ball, location: 2F 3-2: Base on Balls
|
|
Batting: RHB Yok-sing Szema
|
0-0: Foul Ball, location: 2F 0-1: SINGLE (Groundball, 6MD, EV 109.4 MPH) Jelexiz Cuenca to second
|
|
Batting: RHB Taffounnout Kame
|
0-0: Ball 1-0: Ball 2-0: Swinging Strike 2-1: Ball 3-1: Called Strike 3-2: Foul Ball, location: 2F 3-2: Base on Balls Jelexiz Cuenca to third Yok-sing Szema to second
|
|
Pitching: RHP Mike Stein
|
|
|
Batting: RHB Aaron Bateman
|
0-0: Ball 1-0: Ball Wild Pitch! Jelexiz Cuenca scores Yok-sing Szema to third Taffounnout Kame to second 2-0: Foul Ball, location: 2F 2-1: Ball 3-1: Base on Balls
|
|
Batting: RHB Xavier Reeves
|
0-0: Called Strike 0-1: Ball 1-1: SINGLE (Line Drive, 5D, EV 98.8 MPH) Yok-sing Szema scores Taffounnout Kame to third Aaron Bateman to second
|
|
Batting: RHB Leo Gutierrez
|
0-0: Ball 1-0: Foul Ball, location: 2F 1-1: DOUBLE (Line Drive, 89D, EV 98.1 MPH) Taffounnout Kame scores Aaron Bateman scores Xavier Reeves to third Runner from 3rd tries for Home, throw by CF and OUT! 8-4-2 Leo Gutierrez to third
|
|
Batting: SHB Fernando Fundora
|
0-0: Ball 1-0: Ball 2-0: Ball 3-0: Swinging Strike 3-1: Foul Ball, location: 2F 3-2: Strikes out swinging, 2-3 out at first.
|
| Bottom of the 6th over - 6 runs, 4 hits, 0 errors, 1 left on base; South Bend 1 - Hagerstown 18 |
| TOP OF THE 7TH |
|
South Bend Cubs batting - Pitching for Hagerstown Suns : RHP Greg Hall
|
|
Batting: RHB Ryan Bush
|
0-0: Called Strike 0-1: Foul Ball, location: 2F 0-2: Ball 1-2: Strikes out looking
|
|
Batting: RHB Gilberto Alvarado
|
0-0: Ball 1-0: Ball 2-0: Ground out 1-3 (Groundball, 13S, EV 70.6 MPH)
|
|
Batting: RHB Dan Orozco
|
0-0: Ball 1-0: Called Strike 1-1: Ball 2-1: Fly out, F8 (Flyball, 8RM, EV 81.9 MPH)
|
| Top of the 7th over - 0 runs, 0 hits, 0 errors, 0 left on base; South Bend 1 - Hagerstown 18 |
| BOTTOM OF THE 7TH |
|
Hagerstown Suns batting - Pitching for South Bend Cubs : RHP Mike Stein
|
|
Batting: LHB Mike Hamilton
|
0-0: Ball 1-0: Ball 2-0: Ball 3-0: Called Strike 3-1: Base on Balls
|
|
Pinch Hitting: RHB Jessie Fisher
|
0-0: Ball 1-0: Called Strike 1-1: Ball 2-1: Foul Ball, location: 2F 2-2: Ball 3-2: Base on Balls Mike Hamilton to second
|
|
Batting: RHB Jelexiz Cuenca
|
0-0: Ball 1-0: Ball 2-0: Ball 3-0: Base on Balls Mike Hamilton to third Jessie Fisher to second
|
|
Pinch Hitting: RHB Steve Kunselman
|
0-0: Called Strike 0-1: Ball 1-1: Grounds into double play, 6-4-3 (Groundball, 6, EV 96.2 MPH) Mike Hamilton scores Jessie Fisher to third
|
|
Batting: RHB Taffounnout Kame
|
0-0: Reached on error, E5 (Groundball, 56, EV 96.2 MPH) Jessie Fisher scores
|
|
Batting: RHB Aaron Bateman
|
0-0: Ball 1-0: Called Strike 1-1: Ground out 6-3 (Groundball, 6, EV 103.8 MPH)
|
| Bottom of the 7th over - 2 runs, 0 hits, 1 error, 1 left on base; South Bend 1 - Hagerstown 20 |
| TOP OF THE 8TH |
|
South Bend Cubs batting - Pitching for Hagerstown Suns : RHP Greg Hall
|
|
Now at 1B: Jessie Fisher
|
|
|
Now in LF: Steve Kunselman
|
|
|
Batting: RHB Adrian Cox
|
0-0: Foul Ball, location: 2F 0-1: Ground out 5-3 (Groundball, 5, EV 84.4 MPH)
|
|
Batting: RHB Erik Smith
|
0-0: Foul Ball, location: 2F 0-1: Ball 1-1: Ball 2-1: Ground out 5-3 (Groundball, 56, EV 92.5 MPH)
|
|
Batting: RHB David Bousfield
|
0-0: Foul Ball, location: 2F 0-1: Ball 1-1: Foul Ball, location: 2F 1-2: Ball 2-2: Strikes out looking
|
| Top of the 8th over - 0 runs, 0 hits, 0 errors, 0 left on base; South Bend 1 - Hagerstown 20 |
| BOTTOM OF THE 8TH |
|
Hagerstown Suns batting - Pitching for South Bend Cubs : RHP Mike Stein
|
|
Pinch Hitting: RHB Jason Ewert
|
0-0: Ball 1-0: Foul Ball, location: 2F 1-1: Swinging Strike 1-2: Strikes out looking
|
|
Batting: RHB Leo Gutierrez
|
0-0: Swinging Strike 0-1: Swinging Strike 0-2: Foul Ball, location: 2F 0-2: Strikes out swinging
|
|
Batting: SHB Fernando Fundora
|
0-0: Called Strike 0-1: Swinging Strike 0-2: SINGLE (Flyball, 89S, EV 88.8 MPH)
|
|
Batting: LHB Mike Hamilton
|
0-0: Fielders Choice at 2nd, U4 (Groundball, 4M, EV 85.0 MPH)
|
| Bottom of the 8th over - 0 runs, 1 hit, 0 errors, 1 left on base; South Bend 1 - Hagerstown 20 |
| TOP OF THE 9TH |
|
South Bend Cubs batting - Pitching for Hagerstown Suns : RHP Greg Hall
|
|
Now at SS: Jason Ewert
|
|
|
Batting: RHB Mike Hill
|
0-0: Ball 1-0: Ball 2-0: Ball 3-0: Base on Balls
|
|
Batting: RHB Josh Burns
|
0-0: Foul Ball, location: 2F 0-1: Ball 1-1: Swinging Strike 1-2: Foul Ball, location: 2F 1-2: Strikes out swinging
|
|
Batting: RHB Dave de Wolff
|
0-0: Ball 1-0: Ball Wild Pitch! Mike Hill to second 2-0: Foul Ball, location: 2F 2-1: Swinging Strike 2-2: Foul Ball, location: 2F 2-2: Strikes out swinging
|
|
Batting: RHB Ryan Bush
|
0-0: Foul Ball, location: 2F 0-1: Ball 1-1: Swinging Strike 1-2: Foul Ball, location: 2F 1-2: Strikes out looking
|
| Top of the 9th over - 0 runs, 0 hits, 0 errors, 1 left on base; South Bend 1 - Hagerstown 20 |
|